 Dungeon Crawl Stone Soup version 0.30-a0-585-g93115170b9 (webtiles) character file.

Game seed: 6079481692137618245

907 Newt the Covered (level 7, 0/54 HPs)
             Began as a Demonspawn Gladiator on Jan 1, 2023.
             Killed from afar by Dowan (18 damage)
             ... with a shard of ice
             ... on level 5 of the Dungeon.
             The game lasted 00:04:36 (5060 turns).

Newt the Covered (Demonspawn Gladiator)             Turns: 5060, Time: 00:04:36

Health: 0/54       AC:  9    Str: 16    XL:     7   Next: 81%
Magic:  7/7        EV: 11    Int:  9    God:
Gold:   191        SH:  0    Dex: 15    Spells: 6/6 levels left

rFire   . . .      SeeInvis .    p - +0 lajatang (heavy)
rCold   . . .      Faith    .    (shield currently unavailable)
rNeg    . . .      Spirit   .    u - +0 scale mail
rPois   .          Reflect  .    (helmet restricted)
rElec   .          Harm     .    (no cloak)
rCorr   .          Rampage  .    q - +1 pair of gloves
Will    .....                    (no boots)
Stlth   +                        (no amulet)
HPRegen 0.29/turn                (no ring)
MPRegen 0.10/turn                (no ring)

@: marked
A: antennae 2, foul stench 1, spiny 1
a: no special abilities


You were on level 5 of the Dungeon.
You visited 1 branch of the dungeon, and saw 5 of its levels.

You collected 191 gold pieces.

Inventory:

Hand Weapons
 a - a +0 rapier
 l - a +0 dagger of protection
 p - a +0 heavy lajatang (weapon)
Missiles
 d - 3 throwing nets (quivered)
 e - a javelin
 f - 7 poisoned darts
Armour
 b - a +0 leather armour
 c - a +0 helmet
 j - a +2 helmet
 k - a +0 tower shield
 m - a +0 pair of gloves
 q - a +1 pair of gloves (worn)
 u - a +0 scale mail (worn)
Scrolls
 g - a scroll of amnesia
 v - a scroll of identify
Potions
 h - a potion of haste
 i - a potion of lignification
 n - a potion of magic
 o - a potion of curing
 r - 2 potions of might {unknown}
 s - a potion of cancellation {unknown}
 t - a potion of flight {unknown}


   Skills:
 - Level 4.0 Fighting
 - Level 2.6 Short Blades
 - Level 4.0 Staves
 - Level 1.7 Throwing
 + Level 4.8 Armour
 - Level 4.0 Dodging
 - Level 2.0 Stealth


You had 6 spell levels left.
You didn't know any spells.
Your spell library contained the following spells:

 Spells                   Type           Power      Damage    Failure   Level
 Apportation              Tloc           0%         N/A       80%         1
 Necrotise                Necr           0%         1d4       80%         1
 Slow                     Hex            0%         N/A       80%         1
 Summon Small Mammal      Summ           0%         N/A       80%         1
 Cigotuvi's Dreadful Rot  Necr/Pois/Air  0%         N/A       90%         2
 Poisonous Vapours        Pois/Air       0%         N/A       90%         2
 Confusing Touch          Hex            0%         N/A       99%         3
 Frozen Ramparts          Ice            0%         1d1       99%         3
 Mephitic Cloud           Conj/Pois/Air  0%         N/A       99%         3
 Vampiric Draining        Necr           0%         2d6       99%         3
 Ice Form                 Ice/Tmut       0%         N/A       100%        4
 Summon Ice Beast         Ice/Summ       0%         N/A       100%        4


Dungeon Overview and Level Annotations

Branches:
Dungeon (5/15)
 Temple: D:4-7

Altars:
Ashenzari
Ru
Trog

Shops:
D:1 (

Annotations:
D:4 2 transporters
D:5 Dowan


Innate Abilities, Weirdness & Mutations

You have a pair of antennae on your head.
You may rarely emit foul miasma when damaged in melee.
You are partially covered in sharp spines.


Message History

The hound bites you but does no damage. The iguana is struck by your spines.
The iguana barely misses you.
Unknown command.
You barely miss the iguana.
The iguana is moderately wounded.
The hound bites you. The quokka is struck by your spines.
You kill the quokka!
The iguana misses you. The hound closely misses you.
Unknown command.
You hit the orc.
The orc is lightly wounded.
The hound bites you but does no damage. The orc is struck by your spines.
You kill the orc!
The iguana is struck by your spines. The iguana bites you!
You emit a cloud of foul miasma!
The hound is struck by your spines. The hound barely misses you.
Dowan is struck by your spines. Dowan hits you but does no damage.
The iguana hisses menacingly.
An orc comes into view. It is wielding a +0 club.
The iguana is engulfed in dark miasma.
The iguana is poisoned.
You kill the iguana!
The hound bites you.
* * * LOW HITPOINT WARNING * * *
The hound attacks as you move away! The hound is struck by your spines.
The hound barely misses you. Dowan hits you but does no damage.
Dowan is struck by your spines. Dowan barely misses you.
Dowan attacks as you move away! Dowan is struck by your spines.
Dowan barely misses you. The hound bites you but does no damage.
Dowan gestures at you while chanting. The shard of ice misses you.
The iguana hisses menacingly.
The hound attacks as you move away! The hound barely misses you.
The orc wizard casts a spell.
The orc wizard flickers and vanishes!
The hound closely misses you. The hound is struck by your spines.
You kill the hound!
Dowan attacks as you move away! Dowan hits you but does no damage.
Dowan casts a spell at you. The shard of ice hits you!!
You die...

........#.. ..........
.........####
.....###.†o.##### ####
..........#..W..##...##
..#.).)##)l{..l.......##
.......S{#####e#.......#
.###.....# #.........#
#....... ##.@......#
#........ ##......##
#........# #.......#
#........# #.......#
#..<....# ##.....##
##...## #####


You could see a phantom, Dowan (fast), an iguana and an orc.

Vanquished Creatures
  Sigmund (D:4)
  Duvessa (D:5)
  A black bear (D:3)
  2 necrophages (D:4)
  An orc priest (D:3)
  2 hounds
  2 orc wizards (D:3)
  2 iguanas
  11 gnolls
  4 adders
  2 white imps
  A worm (D:2)
  4 dart slugs
  10 orcs
  7 endoplasms
  3 giant cockroaches
  5 goblins
  7 hobgoblins
  2 jackals (D:4)
  7 kobolds
  7 quokkas
  3 ball pythons
  6 bats
  A frilled lizard (D:1)
  3 rats
95 creatures vanquished.

Vanquished Creatures (others)
  3 fungi (D:3)
  3 plants (D:3)
6 creatures vanquished.

Grand Total: 101 creatures vanquished

Notes
Turn   | Place    | Note
-------+----------+-------------------------------------------
     0 | D:1      | Newt the Demonspawn Gladiator began the quest for the Orb.
     0 | D:1      | Reached XP level 1. HP: 16/16 MP: 1/1
   186 | D:1      | Reached skill level 1 in Stealth
   355 | D:1      | Found Sedun's Antique Weapon Shop.
   359 | D:1      | Gained mutation: You have a pair of small antennae on your
                  | head. [demonic ancestry]
   359 | D:1      | Reached XP level 2. HP: 22/22 MP: 2/2
  1211 | D:2      | Gained mutation: You are partially covered in sharp spines.
                  | [demonic ancestry]
  1211 | D:2      | Reached XP level 3. HP: 21/28 MP: 3/3
  1924 | D:3      | Found a sacrificial altar of Ru.
  1933 | D:3      | Reached XP level 4. HP: 33/37 MP: 4/4
  2022 | D:3      | Reached skill level 1 in Staves
  2032 | D:3      | Gained mutation: You have a pair of antennae on your head.
                  | [demonic ancestry]
  2032 | D:3      | Reached XP level 5. HP: 29/42 MP: 5/5
  2478 | D:3      | Noticed a black bear
  2489 | D:3      | Killed a black bear
  2490 | D:3      | Gained mutation: You may rarely emit foul miasma when
                  | damaged in melee. [demonic ancestry]
  2490 | D:3      | Reached XP level 6. HP: 32/48 MP: 6/6
  2834 | D:3      | Found a faded altar of an unknown god.
  3009 | D:3      | Found a bloodstained altar of Trog.
  3206 | D:4      | Noticed an ice beast
  3206 | D:4      | Found a transporter.
  4365 | D:4      | Found a broken altar of Ashenzari.
  4366 | D:4      | Noticed Sigmund
  4391 | D:4      | Noticed an ice beast
  4574 | D:4      | Killed Sigmund
  4575 | D:4      | Reached XP level 7. HP: 48/54 MP: 7/7
  4852 | D:4      | Found a transporter.
  5022 | D:5      | Entered Level 5 of the Dungeon
  5039 | D:5      | Noticed Dowan
  5040 | D:5      | Noticed Duvessa
  5049 | D:5      | Killed Duvessa
  5060 | D:5      | Killed from afar by Dowan

Illustrated notes

Levels and vault maps discovered:
D:1:      psy_arrival_dodecagon, layout_basic, serial_shops, shop
D:2:      layout_loops_ring
D:3:      layout_loops_ring, nicolae_overflow_hidden_temple,
          nicolae_ru_great_annihilating_truth, shapermc_ecumenical_altar_ellora
D:4:      gammafunk_cloud_chamber, layout_basic, ashenzari_altar_1, uniq_sigmund
D:5:      layout_rooms, gup_sewer_entry_bowl, uniq_duvessa

Skill      XL: |  1  2  3  4  5  6  7 |
---------------+----------------------+-----
Stealth        | 1 2 |  2.0
Fighting       | 4 |  4.0
Staves         | 2 3 4 |  4.0
Dodging        | 4 |  4.0
Armour         | 2 4 |  4.8
Short Blades   | |  2.6
Throwing       | |  1.7

Action                   |  1- 3 |  4- 6 |  7- 9 || total
-------------------------+-------+-------+-------++-------
Melee: Rapier            |    62 |       |       ||    62
       Punch             |     1 |       |       ||     1
       Dagger            |    72 |       |       ||    72
       Lajatang          |     7 |    90 |    22 ||   119
Throw: Javelin           |       |     1 |       ||     1
       Dart              |       |     2 |       ||     2
       Throwing net      |       |     1 |       ||     1
  Use: Scroll            |     5 |       |     2 ||     7
       Potion            |       |     3 |       ||     3
 Stab: Sleeping          |     4 |     2 |       ||     6
       Distracted        |     1 |       |       ||     1
       Paralysed         |     1 |       |       ||     1
Armor: Leather armour    |    52 |    29 |       ||    81
       Scale mail        |       |     7 |    29 ||    36
Dodge: Dodged            |    86 |    70 |    24 ||   180
Block: Tower shield      |    17 |       |       ||    17

Table legend: (Time is in decaauts)
 A = Elapsed time spent in this place.
 B = Non-inter-level travel time spent in this place.
 C = Inter-level travel time spent in this place.
 D = Time resting spent in this place.
 E = Time spent auto-exploring this place.
 F = Levels seen in this place.
 G = Mean time per level.
                   A        B        C        D        E       F      G
               +--------+--------+--------+--------+--------+-----+--------+
         Total |   5112 |   5020 |     92 |   2044 |   2215 |   5 | 1022.4 |
       Dungeon |   5112 |   5020 |     92 |   2044 |   2215 |   5 | 1022.4 |
               +--------+--------+--------+--------+--------+-----+--------+

Top non-repeatable levels by time:
     D:3: 2522 daAuts
     D:1: 1120 daAuts
     D:2: 735 daAuts
     D:4: 690 daAuts
     D:5: 43 daAuts
